 Dungeon Crawl Stone Soup version 0.30-a0-359-gd0147acb1a (webtiles) character file.

Game seed: 13732464272778220936

30 sleeves the Slasher (level 3, -3/29 HPs)
             Began as a Demonspawn Monk on Nov 12, 2022.
             Slain by Sigmund
             ... wielding a +0 scythe
              (6 damage)
             ... on level 2 of the Dungeon.
             The game lasted 00:00:39 (1283 turns).

sleeves the Slasher (Demonspawn Monk)               Turns: 1283, Time: 00:00:40

Health: -3/29      AC:  4    Str: 11    XL:     3   Next: 5%
Magic:  3/3        EV: 13    Int: 11    God:
Gold:   58         SH:  0    Dex: 17    Spells: 2/2 levels left

rFire   . . .      SeeInvis .    a - +0 falchion
rCold   . . .      Faith    .    (no shield)
rNeg    . . .      Spirit   .    b - +0 robe
rPois   .          Reflect  .    (no helmet)
rElec   .          Harm     .    (no cloak)
rCorr   .          Rampage  .    (no gloves)
Will    .....                    (no boots)
Stlth   ++........               (no amulet)
HPRegen 0.24/turn                (no ring)
MPRegen 0.08/turn                (no ring)

@: no status effects
A: thin metallic scales 1
a: no special abilities


You were on level 2 of the Dungeon.
You visited 1 branch of the dungeon, and saw 2 of its levels.

You collected 58 gold pieces.

Inventory:

Hand Weapons
 a - a +0 falchion (weapon)
Armour
 b - a +0 robe (worn)
 i - a +2 helmet
   (You found it on level 2 of the Dungeon)
Scrolls
 d - 2 scrolls of blinking {unknown}
 e - a scroll of fear {unknown}
 h - 2 scrolls of noise {unknown}
 j - a scroll of summoning {unknown}
 k - a scroll of identify {unknown}
Potions
 c - a potion of ambrosia
 f - 2 potions of curing {unknown}
 g - a potion of haste {unknown}
 l - a potion of flight {unknown}


   Skills:
 - Level 3.0 Fighting
 + Level 3.8 Long Blades
 - Level 2.6 Dodging
 - Level 1.7 Stealth


You had 2 spell levels left.
You didn't know any spells.
Your spell library contained the following spells:

 Spells                   Type           Power      Damage    Failure   Level
 Apportation              Tloc           0%         N/A       34%         1
 Necrotise                Necr           0%         1d4       34%         1
 Summon Small Mammal      Summ           0%         N/A       34%         1


Dungeon Overview and Level Annotations

Branches:
Dungeon (2/15)

Altars:

Annotations:
D:2 1 runed translucent door, Crazy Yiuf, Sigmund


Innate Abilities, Weirdness & Mutations

You are partially covered in thin metallic scales. (AC +2)


Message History

Ran out of altars for temple! x3
Welcome, sleeves the Demonspawn Monk.
It is said that the Orb of Zot exists deep within this dungeon.
Press ? for a list of commands and other information.
Found a staircase leading out of the dungeon.
You open the door.
There is an open door here.
An endoplasm comes into view.
An endoplasm is nearby!
An endoplasm is nearby!
The endoplasm quivers.
Found 11 gold pieces.
The endoplasm closely misses you.
You hit the endoplasm.
The endoplasm is lightly wounded.
The endoplasm completely misses you.
You slash the endoplasm!
You kill the endoplasm!
No target in view!
No target in view!
No target in view!
No target in view!
No target in view!
No target in view!
No target in view!
No target in view!
Found an escape hatch in the floor.
You now have 11 gold pieces.
d - a scroll labelled BOUBOWE UFUT
Found 3 javelins and a robe.
No target in view!
No target in view!
No target in view!
No target in view!
No target in view!
No target in view!
No target in view!
No target in view!
No target in view!
No target in view!
No target in view!
No target in view!
No target in view!
A bat comes into view.
A bat is nearby!
A bat is nearby!
You hit the bat but do no damage. The bat hits you but does no damage.
The bat completely misses you.
You closely miss the bat. The bat hits you but does no damage.
You hit the bat but do no damage. The bat misses you.
The bat barely misses you. The bat hits you but does no damage.
The bat hits you but does no damage.
You hit the bat but do no damage. The bat hits you but does no damage.
The bat misses you. The bat closely misses you.
You slash the bat!
You kill the bat!
No target in view!
No target in view!
No target in view!
d - 2 scrolls labelled BOUBOWE UFUT (gained 1)
A kobold comes into view. It is wielding a +3 whip of freezing.
The kobold shouts!
The kobold hits you with a +3 whip of freezing.
The kobold freezes you.
* * * LOW HITPOINT WARNING * * *
Found a scroll labelled FEENOD ATRA.
You are too injured to fight recklessly!
You are too injured to fight recklessly!
You are too injured to fight recklessly!
You are too injured to fight recklessly!
You are too injured to fight recklessly!
You are too injured to fight recklessly!
You are too injured to fight recklessly!
You are too injured to fight recklessly!
You are too injured to fight recklessly!
You are too injured to fight recklessly!
You are too injured to fight recklessly!
A kobold is nearby!
A kobold is nearby!
You closely miss the kobold. The kobold barely misses you.
You hit the kobold.
You kill the kobold!
You see here a +3 whip of freezing.
HP restored.
e - a scroll labelled FEENOD ATRA A hobgoblin comes into view.
A hobgoblin is nearby!
The hobgoblin closely misses you.
You barely miss the hobgoblin.
The hobgoblin hits you but does no damage.
You slash the hobgoblin!
You kill the hobgoblin!
Your Long Blades skill increases to level 3!
No target in view!
No target in view!
No target in view!
No target in view!
No target in view!
No target in view!
You now have 21 gold pieces (gained 10).
Found a stone staircase leading down.
There is a stone staircase leading down here.
You now have 26 gold pieces (gained 5).
Key pressed, stopping explore.
No target in view!
No target in view!
No target in view!
No target in view!
No target in view!
No target in view!
No target in view!
No target in view!
No target in view!
No target in view!
Found a stone staircase leading down.
Found a spear.
A giant cockroach comes into view.
The giant cockroach closely misses you.
You slash the giant cockroach!
You kill the giant cockroach!
No target in view!
No target in view!
No target in view!
No target in view!
No target in view!
No target in view!
No target in view!
No target in view!
No target in view!
No target in view!
f - a fizzy golden potion A bat comes into view.
The bat moves out of view.
You hit the bat.
You kill the bat!
No target in view!
No target in view!
No target in view!
No target in view!
No target in view!
No target in view!
No target in view!
No target in view!
No target in view!
g - a fuming purple potion
h - a scroll labelled HOAMNY SUASI A jackal comes into view.
A jackal comes into view.
The jackal barks!
You hear a bark! x2
A jackal comes into view.
The jackal bites you but does no damage.
You see here 9 gold pieces.
You slash the jackal!
You kill the jackal!
The jackal closely misses you. x2
A jackal comes into view.
You miss the jackal. The jackal misses you. The jackal barely misses you. x2
The jackal bites you but does no damage.
You hit the jackal.
You kill the jackal!
The jackal completely misses you. The jackal misses you. The jackal bites you.
You have reached level 2!
Your demonic ancestry asserts itself...
Thin metallic scales grow over part of your body.
You hit the jackal but do no damage. The jackal bites you.
The jackal misses you.
The jackal bites you but does no damage.
You hit the jackal.
The jackal is heavily wounded.
The jackal barely misses you. The jackal closely misses you.
The jackal barely misses you.
You hit the jackal.
You kill the jackal!
The jackal bites you.
The jackal bites you but does no damage.
You hit the jackal.
You kill the jackal!
No target in view!
No target in view!
No target in view!
No target in view!
No target in view!
No target in view!
No target in view!
No target in view!
No target in view!
No target in view!
No target in view!
No target in view!
No target in view!
No target in view!
No target in view!
No target in view!
You now have 35 gold pieces (gained 9).
Things that are here:
a jackal corpse; a jackal corpse; a jackal corpse A kobold comes into view.
It is wielding a +0 dagger.
A kobold is nearby!
A kobold is nearby!
A kobold is nearby!
The kobold shouts!
You slash the kobold!
You kill the kobold!
No target in view!
No target in view!
No target in view!
No target in view!
No target in view!
No target in view!
No target in view!
A giant cockroach comes into view.
A giant cockroach is nearby!
A giant cockroach is nearby!
You closely miss the giant cockroach.
The giant cockroach bites you but does no damage. x2
You closely miss the giant cockroach.
The giant cockroach completely misses you.
You hit the giant cockroach.
The giant cockroach is moderately wounded.
The giant cockroach barely misses you.
You hit the giant cockroach.
The giant cockroach is heavily wounded.
The giant cockroach bites you. The giant cockroach barely misses you.
You closely miss the giant cockroach.
The giant cockroach is heavily wounded.
The giant cockroach waves its antennae.
The giant cockroach bites you.
You closely miss the giant cockroach.
The giant cockroach is heavily wounded.
The giant cockroach bites you but does no damage.
You hit the giant cockroach.
The giant cockroach is almost dead.
The giant cockroach bites you but does no damage.
You closely miss the giant cockroach.
The giant cockroach is almost dead.
The giant cockroach bites you but does no damage.
The giant cockroach closely misses you.
A giant cockroach is nearby!
A giant cockroach is nearby!
A giant cockroach is nearby!
You barely miss the giant cockroach.
The giant cockroach is almost dead.
The giant cockroach bites you but does no damage.
You closely miss the giant cockroach.
The giant cockroach is severely wounded.
The giant cockroach closely misses you. The giant cockroach bites you.
You hit the giant cockroach but do no damage.
The giant cockroach is severely wounded.
The giant cockroach bites you but does no damage.
You hit the giant cockroach.
The giant cockroach is almost dead.
The giant cockroach closely misses you.
You hit the giant cockroach.
You kill the giant cockroach!
No target in view!
No target in view!
You see here a giant cockroach corpse.
A bat comes into view.
A bat is nearby!
A bat is nearby!
The helpless bat fails to defend itself.
You slash the bat!
You kill the bat!
No target in view!
No target in view!
No target in view!
No target in view!
No target in view!
No target in view!
No target in view!
You see here a bat corpse.
There is an escape hatch in the floor here.
Found a dagger.
Found a stone staircase leading down.
There is a stone staircase leading down here.
You open the door.
There is an open door here.
Key pressed, stopping explore.
No target in view!
No target in view!
No target in view!
No target in view!
No target in view!
No target in view!
No target in view!
No target in view!
No target in view!
No target in view!
No target in view!
No target in view!
There is an open door here.
You see here a +0 robe.
You see here a +0 robe.
Key pressed, stopping explore.
Done exploring.
Done exploring.
Done exploring.
(D) Dungeon
Where to? (? - help)
There is a stone staircase leading down here.
You climb downwards.
There is a stone staircase leading up here.
An adder comes into view.
An adder is nearby!
The adder hisses angrily.
The adder closely misses you.
You barely miss the adder. The adder bites you but does no damage.
The adder bites you.
You barely miss the adder. The adder bites you.
You hit the adder.
The adder is moderately wounded.
The adder bites you but does no damage. The adder closely misses you.
You miss the adder.
The adder is moderately wounded.
The adder barely misses you.
You hit the adder.
The adder is severely wounded.
The adder barely misses you. The adder bites you.
You are poisoned.
The adder poisons you!
You hit the adder.
You kill the adder!
You feel sick.
No target in view!
No target in view!
No target in view!
No target in view!
No target in view!
No target in view!
No target in view!
No target in view!
You feel sick.
You feel sick.
You feel sick.
You feel sick.
You feel sick.
You are no longer poisoned.
HP restored.
Found a quarterstaff.
You pick up a book of Cantrips and begin reading...
You add the spells Necrotise, Summon Small Mammal and Apportation to your library.
f - 2 fizzy golden potions (gained 1)
You open the door.
There is an open door here.
You now have 37 gold pieces (gained 2).
i - a +2 helmet No target in view!
No target in view!
No target in view!
No target in view!
As you open the door, it creaks loudly!
There is an open door here.
You open the door.
There is an open door here.
There is an open door here.
An endoplasm comes into view.
An endoplasm is nearby!
Found a scroll labelled VOACOT WAEFF.
Found 10 gold pieces and a scroll labelled CIHUECZIESUR.
The endoplasm closely misses you.
You hit the endoplasm.
The endoplasm is severely wounded.
The endoplasm hits you but does no damage.
You hit the endoplasm but do no damage.
The endoplasm is severely wounded.
The endoplasm barely misses you.
You hit the endoplasm.
You kill the endoplasm!
No target in view!
No target in view!
No target in view!
No target in view!
No target in view!
No target in view!
j - a scroll labelled VOACOT WAEFF You now have 47 gold pieces (gained 10).
k - a scroll labelled CIHUECZIESUR A goblin comes into view.
It is wielding a +0 dagger.
A goblin is nearby!
The helpless goblin fails to defend itself.
You slash the goblin!
You kill the goblin!
No target in view!
No target in view!
No target in view!
No target in view!
No target in view!
No target in view!
No target in view!
Found a scale mail.
You open the door.
Found a stone staircase leading down.
You now have 58 gold pieces (gained 11).
Found a hammer.
Found a runed translucent door.
As you open the door, it creaks loudly!
A goblin comes into view. It is wielding a +0 club.
The goblin shouts!
There is an open door here.
The goblin closely misses you.
You miss the goblin. The goblin hits you but does no damage.
You slash the goblin!
You kill the goblin!
You have reached level 3!
Your experience leads to an increase in your attributes!
Increase (S)trength, (I)ntelligence, or (D)exterity?
You feel agile. x2
You see here a +0 club.
You open the large door.
A rat and a quokka come into view.
There are monsters nearby!
There are monsters nearby!
There are monsters nearby!
Found a scorched hand axe.
There is a large open door here.
Found 3 boomerangs and a scroll labelled HOAMNY SUASI.
There is a large open door here.
You hit the quokka.
The quokka is severely wounded.
The rat misses you. The quokka closely misses you.
You barely miss the quokka.
The quokka is severely wounded.
The quokka bites you but does no damage.
The rat bites you but does no damage. The quokka barely misses you.
You hit the quokka.
The quokka is almost dead.
The rat misses you. The quokka closely misses you.
You hit the quokka but do no damage.
The quokka is almost dead.
The rat closely misses you. The quokka misses you. The rat closely misses you.
You hit the quokka but do no damage.
The quokka is almost dead.
The quokka bites you but does no damage.
The rat bites you but does no damage.
You slash the quokka!
You kill the quokka!
The rat bites you.
You hit the rat but do no damage. The rat bites you but does no damage.
You closely miss the rat. The rat misses you.
You barely miss the rat. The rat bites you.
You completely miss the rat. The rat barely misses you.
You hit the rat.
You kill the rat!
No target in view!
No target in view!
No target in view!
No target in view!
No target in view!
No target in view!
No target in view!
No target in view!
No target in view!
h - 2 scrolls labelled HOAMNY SUASI (gained 1)
You see here the +7 hand axe "Pubbusie" {vorpal, rN+}.
You open the door.
There is an open door here.
Found 4 stones.
l - a glowing inky potion You see here 4 stones.
There is an open door here.
Found a stone staircase leading down.
There is a stone staircase leading down here.
You open the door.
Sigmund the Dreaded comes into view.
He is wielding a +0 scythe.
There is an open door here.
Sigmund smiles chillingly.
Sigmund barely misses you.
You slash Sigmund!
Sigmund is moderately wounded.
Sigmund casts a spell at you. The puff of flame hits you!
You completely miss Sigmund.
Sigmund is moderately wounded.
Sigmund hits you with a +0 scythe.
You are too injured to fight recklessly!
You are too injured to fight recklessly!
You are too injured to fight recklessly!
You are too injured to fight recklessly!
You are too injured to fight recklessly!
You are too injured to fight recklessly!
You are too injured to fight recklessly!
You are too injured to fight recklessly!
You are too injured to fight recklessly!
You are too injured to fight recklessly!
You are too injured to fight recklessly!
You are too injured to fight recklessly!
You are too injured to fight recklessly!
You closely miss Sigmund.
Sigmund is moderately wounded.
Sigmund hits you with a +0 scythe!
* * * LOW HITPOINT WARNING * * *
You completely miss Sigmund.
Sigmund is moderately wounded.
You hit Sigmund.
Sigmund is moderately wounded.
Sigmund hits you with a +0 scythe!
* * * LOW HITPOINT WARNING * * *
You hit Sigmund.
Sigmund is moderately wounded.
Sigmund hits you with a +0 scythe.
You die...

########+###
#..........#
#..........#
#..........#
#..........#
#........."#
#...@@.....#
#..........#
########'###
#.# #.# #.#
#.#
##########.# #
..........>#.#


You could see Sigmund.

Vanquished Creatures
  An adder (D:2)
  2 endoplasms
  2 giant cockroaches (D:1)
  A hobgoblin (D:1)
  4 jackals (D:1)
  A quokka (D:2)
  3 bats (D:1)
  2 goblins (D:2)
  2 kobolds (D:1)
  A rat (D:2)
19 creatures vanquished.

Notes
Turn   | Place    | Note
-------+----------+-------------------------------------------
     0 | D:1      | sleeves the Demonspawn Monk began the quest for the Orb.
     0 | D:1      | Reached XP level 1. HP: 18/18 MP: 1/1
   121 | D:1      | HP: 9/18 [kobold/+3 whip of freezing (3)]
   177 | D:1      | Reached skill level 3 in Long Blades
   477 | D:1      | Gained mutation: You are partially covered in thin metallic
                  | scales. (AC +2) [demonic ancestry]
   477 | D:1      | Reached XP level 2. HP: 22/24 MP: 2/2
  1144 | D:2      | Found a runed translucent door.
  1145 | D:2      | Noticed Crazy Yiuf
  1174 | D:2      | Reached XP level 3. HP: 29/29 MP: 3/3
  1207 | D:2      | Identified the +7 hand axe "Pubbusie" {vorpal, rN+}
  1274 | D:2      | Noticed Sigmund
  1280 | D:2      | HP: 9/29 [Sigmund/+0 scythe (9)]
  1282 | D:2      | HP: 2/29 [Sigmund/+0 scythe (7)]
  1283 | D:2      | Slain by Sigmund

Illustrated notes

Levels and vault maps discovered:
D:1:      wheals_arrival_linesprint, layout_basic, kennysheep_boxes
D:2:      layout_basic, minmay_tromino_i2, uniq_crazy_yiuf_cottage, uniq_sigmund

Skill      XL: |  1 |
---------------+----+-----
Long Blades    | 3 |  3.8
Fighting       | |  3.0
Dodging        | |  2.6
Stealth        | |  1.7

Action                   || total
-------------------------++-------
Melee: Falchion          ||    64
 Stab: Sleeping          ||     2
Armor: Robe              ||    26
Dodge: Dodged            ||    45

Table legend: (Time is in decaauts)
 A = Elapsed time spent in this place.
 B = Non-inter-level travel time spent in this place.
 C = Inter-level travel time spent in this place.
 D = Time resting spent in this place.
 E = Time spent auto-exploring this place.
 F = Levels seen in this place.
 G = Mean time per level.
                   A        B        C        D        E       F      G
               +--------+--------+--------+--------+--------+-----+--------+
         Total |   1290 |   1255 |     35 |      0 |   1093 |   2 |  645.0 |
       Dungeon |   1290 |   1255 |     35 |      0 |   1093 |   2 |  645.0 |
               +--------+--------+--------+--------+--------+-----+--------+

Top non-repeatable levels by time:
     D:1: 959 daAuts
     D:2: 331 daAuts
